AoeStats
← KaLong

Black Forest

507343209Analyzed
4v4 RM · 13d ago on Sep 17, 2026· 9m 9s· 8 players
Game mode
Random Map
Map size
Large (8 player)
Population
200
Speed
Normal
Resources
Standard
Victory
Conquest
Starting age
Dark Age
Ending age
Imperial Age
RankedLock teamsTeams togetherTeam positionsShared explorationLock speedFull tech treeHidden civsTurbo modeCheats
Victory
Defeat
🇭🇰 Mongols · Hong Kong SAR China
1619
+11
🇫🇷 Bohemians · France
1515
+15
🇹🇷 Saracens · Türkiye
1484
+16
🇺🇸 Ethiopians · United States
1343
+21
🇨🇱 Maya · Chile
1579
-20
🇩🇪 Inca · Germany
1521
-17
🇹🇷 Teutons · Türkiye
1427
-13
🇵🇪 Khmer · Peru
1419
-13
Morris=w=
6:56 Loom
9:04 Feudal Age
Dark Horse
4:54 Loom
KaLong
7:30 Loom
9:41 Feudal Age
W
0:36 Loom
SEFA
6:49 Loom
9:22 Feudal Age
AiM | PoRRo
0:27 Loom
poweredbygamespy
1:20 Loom
Dr. Kenzo Tenma
Connection lost

Rejoining the realm…

Still unreachable

The connection could not be restored.

Session expired

The server has moved on; the page needs a fresh start.